Map: New Repugnancy LE

Players

Clem - Winner!

  • Race: Terran Terran
  • Spawn Location: 7:00

Namshar

  • Race: Zerg Zerg
  • Spawn Location: 1:00

Event: IEM Season 13: Katowice (2019)

VOD

Have the link to the VOD?

Description

Time

  • Played on: Feb. 25, 2019, 7:51 a.m.
  • Length: 11:19

All games in this series

Show
View Real Time Build Order
Export as new Build Order

Clem Terran - Winner!

Build Orders: Liberator Opening, Reaper Expand 

Get SALT Encoding   

  12  0:00  SCV  
  13  0:12  SCV  
  14  0:17  Supply Depot  
  14  0:25  SCV  
  15  0:38  SCV  
  15  0:39  Barracks  
  16  0:46  Refinery  
  16  0:50  SCV  
  17  1:02  SCV  
  18  1:14  SCV  
  19  1:27  Orbital Command  
  19  1:28  Reaper  
  20  1:39  Command Center  
  20  1:52  Supply Depot  
  20  1:53  SCV  
  21  2:00  Marine  
  22  2:06  Factory  
  22  2:07  SCV  
  23  2:13  Refinery  
  23  2:19  SCV  
  25  2:23  Barracks Reactor  
  24  2:31  SCV  
  25  2:43  SCV  
  26  2:51  Starport  
  26  2:52  Orbital Command  
  26  2:55  SCV  
  27  3:03  Hellion x2  
  31  3:06  Marine  
  31  3:07  SCV  
  31  3:12  Liberator  
  33  3:18  SCV  
  33  3:19  SCV, Supply Depot  
  35  3:27  Hellion x2  
  39  3:30  SCV  
  43  3:39  SCV  
  44  3:45  Supply Depot  
  44  3:49  SCV, Hellion x2  
  44  3:51  SCV  
  50  3:56  Liberator  
  50  4:01  SCV  
  51  4:05  SCV  
  51  4:08  Command Center  
  52  4:13  SCV  
  52  4:16  Barracks Tech Lab  
  56  4:24  SCV  
  56  4:25  Factory Tech Lab, SCV  
  58  4:31  Barracks  
  58  4:32  Supply Depot  
  58  4:33  Barracks  
  58  4:37  SCV x2  
  60  4:40  Marine  
  61  4:48  Engineering Bay x2  
  61  4:49  SCV  
  62  4:53  Stimpack  
  62  4:55  SCV, Supply Depot  
  63  5:01  Engineering Bay, SCV  
  63  5:06  Engineering Bay  
  64  5:08  SCV  
  64  5:09  Marine  
  64  5:13  Siege Tank, SCV  
  70  5:15  Terran Infantry Armor Level 1, Terran Infantry Weapons Level 1  
  70  5:19  Refinery  
  70  5:20  Refinery  
  70  5:22  Starport Reactor  
  70  5:23  Marine  
  70  5:25  SCV  
  70  5:27  SCV  
  68  5:29  Marine  
  68  5:31  Orbital Command  
  63  5:39  Marine  
  63  5:41  Barracks Reactor, SCV  
  65  5:45  Marine  
  65  5:46  SCV  
  65  5:47  Marine  
  68  5:55  Barracks  
  68  5:56  Siege Tank  
  71  5:59  Marine  
  71  6:00  SCV  
  71  6:01  Barracks  
  71  6:02  Marine  
  71  6:03  Orbital Command  
  74  6:04  SCV  
  74  6:06  Medivac  
  74  6:10  Marine  
  78  6:12  SCV  
  78  6:14  Medivac, Supply Depot  
  78  6:17  Marine  
  82  6:18  SCV  
  82  6:20  Marine  
  82  6:21  Supply Depot  
  82  6:24  Supply Depot  
  82  6:25  SCV  
  85  6:28  Marine  
  85  6:32  Marine x2  
  88  6:33  SCV  
  88  6:35  Marine  
  88  6:38  Siege Tank, Marine  
  91  6:44  Barracks Reactor  
  91  6:46  SCV, Marine  
  93  6:48  Marine  
  93  6:50  SCV, Marine x2  
  93  6:51  SCV  
  93  6:53  Marine  
  99  6:54  Combat Shield  
  99  6:55  Medivac  
  99  6:56  Marine  
  102  7:04  Marine  
  102  7:05  SCV x2  
  102  7:06  Factory  
  102  7:07  Refinery x2  
  102  7:08  Marine x2  
  107  7:09  Barracks Reactor, Supply Depot  
  107  7:11  Armory  
  107  7:13  SCV, Marine  
  107  7:14  Marine  
  110  7:17  SCV  
  110  7:19  SCV  
  110  7:21  Marine  
  113  7:25  SCV, Marine x2  
  113  7:28  Marine x2  
  113  7:29  SCV  
  110  7:31  SCV, Marine  
  110  7:32  Siege Tank  
  110  7:33  Medivac, Marine  
  118  7:39  Marine  
  118  7:43  Supply Depot, SCV, Marine x2  
  122  7:45  Marine x2  
  122  7:46  Marine  
  125  7:55  Factory Tech Lab  
  125  7:58  Marine  
  125  7:59  Marine  
  125  8:00  Marine  
  125  8:01  SCV x2, Marine x3  
  125  8:03  Marine x2  
  125  8:05  SCV, Marine  
  127  8:09  Siege Tank  
  127  8:12  Medivac  
  129  8:15  Siege Tank  
  129  8:16  SCV  
  133  8:21  Supply Depot  
  133  8:22  Marine x4  
  133  8:23  Terran Infantry Weapons Level 2, Marine x2  
  136  8:27  Terran Infantry Armor Level 2  
  132  8:35  Marine x3  
  132  8:36  Medivac  
  132  8:40  Marine x2  
  138  8:44  Marine x2, Supply Depot  
  138  8:45  Supply Depot  
  138  8:54  Command Center, Marine x5  
  143  9:01  Siege Tank  
  143  9:02  Siege Tank  
  149  9:05  Medivac  
  151  9:10  Marine  
  151  9:11  Marine x3  
  151  9:15  Marine x2  
  154  9:20  Marine x2  
  131  9:25  Medivac, Marine  
  131  9:28  Marine x3  
  131  9:29  SCV  
  130  9:31  Marine  
  130  9:33  SCV, Marine  
  130  9:34  Siege Tank  
  130  9:38  Medivac  
  132  9:46  Refinery  
  132  9:51  Marine  
  132  9:56  Siege Tank, Marine x2  
  132  9:57  Marine x2  
  132  9:59  Marine x2  
  140  10:06  Siege Tank  
  143  10:13  Medivac  
  143  10:14  Marine  
  142  10:15  Marine  
  142  10:17  Marine x2  
  142  10:18  Marine x4  
  150  10:26  Marine  
  150  10:28  Siege Tank  
  145  10:32  Marine  
  145  10:33  Marine  
  145  10:35  Marine x4  
  146  10:36  Marine x2  
  146  10:38  Siege Tank  
  146  10:42  Medivac  
  156  10:46  Medivac  
  156  10:47  Marine  
  156  10:49  Marine  
  154  10:51  Marine  
  154  10:53  Marine  
  153  10:57  Marine  
  153  10:58  Marine x4  
Show
View Real Time Build Order
Export as new Build Order

Namshar Zerg 

Build Orders: Hatch First 

Get SALT Encoding   

  12  0:00  Drone  
  13  0:12  Overlord  
  13  0:16  Drone  
  14  0:31  Drone x2  
  16  0:48  Hatchery  
  15  0:51  Drone  
  15  0:54  Drone  
  17  0:58  Drone  
  18  1:08  Extractor  
  17  1:13  Spawning Pool  
  17  1:17  Drone  
  17  1:19  Drone  
  18  1:28  Drone  
  19  1:39  Drone  
  20  1:50  Drone  
  21  2:00  Queen x2  
  25  2:01  Zergling x4  
  27  2:10  Drone  
  27  2:11  Overlord  
  28  2:21  Hatchery  
  27  2:24  Drone  
  29  2:30  Drone  
  29  2:36  Drone  
  30  2:38  Queen  
  32  2:47  Metabolic Boost  
  32  2:48  Overlord  
  32  2:50  Drone  
  33  2:52  Drone  
  33  2:55  Drone  
  35  2:59  Overlord  
  35  3:04  Drone  
  36  3:13  Drone  
  36  3:14  Drone x3  
  40  3:20  Queen  
  40  3:25  Queen, Drone  
  45  3:28  Drone  
  45  3:30  Drone  
  47  3:34  Baneling Nest  
  47  3:38  Overlord  
  46  3:42  Drone  
  46  3:47  Zergling x4  
  46  3:48  Drone  
  50  3:51  Drone x3  
  50  3:53  Overlord  
  53  3:59  Zergling x4  
  55  4:05  Zergling x4  
  55  4:09  Drone  
  58  4:12  Overlord  
  58  4:13  Drone  
  58  4:14  Drone  
  60  4:17  Spore Crawler  
  60  4:21  Drone x3  
  62  4:26  Spore Crawler x2  
  62  4:28  Drone  
  62  4:31  Zergling x4  
  63  4:38  Zergling x4  
  61  4:40  Drone x2  
  61  4:42  Zergling x4  
  65  4:46  Zergling x4  
  64  4:53  Drone x5  
  69  5:08  Drone  
  69  5:09  Drone x3  
  69  5:11  Lair  
  69  5:13  Extractor  
  72  5:14  Extractor  
  72  5:15  Queen, Evolution Chamber  
  72  5:17  Evolution Chamber, Overlord  
  72  5:18  Overlord  
  72  5:21  Drone  
  72  5:27  Drone x3  
  73  5:35  Drone  
  73  5:37  Drone x4  
  73  5:38  Drone  
  73  5:40  Drone x3  
  73  5:41  Drone x2  
  83  5:43  Zerg Ground Armor Level 1  
  83  5:49  Hatchery  
  79  5:56  Drone x4  
  79  5:57  Drone x3  
  84  6:06  Queen  
  84  6:11  Drone x3  
  84  6:12  Drone x2  
  84  6:17  Zerg Melee Weapons Level 1  
  89  6:19  Hydralisk Den  
  89  6:20  Extractor x2  
  89  6:21  Drone x3  
  89  6:22  Overlord x2  
  88  6:34  Drone  
  88  6:35  Drone  
  88  6:37  Extractor  
  88  6:42  Drone  
  88  6:43  Drone  
  88  6:45  Drone  
  88  6:46  Centrifical Hooks, Drone  
  92  6:48  Muscular Augments  
  92  6:49  Zergling x18  
  92  6:50  Zergling x2  
  102  6:56  Zergling x2  
  102  6:57  Hatchery, Baneling x5  
  102  7:00  Zergling x2  
  102  7:01  Zergling x10  
  108  7:06  Queen  
  110  7:14  Zergling x4  
  110  7:15  Baneling x3  
  112  7:22  Zergling x4  
  112  7:25  Zergling x10  
  112  7:26  Zergling x2  
  112  7:28  Zergling x10  
  108  7:31  Baneling x4  
  108  7:35  Zergling x6  
  111  7:47  Overlord x3  
  111  7:48  Overlord  
  111  7:49  Overlord  
  111  7:50  Zerg Ground Armor Level 2  
  111  7:52  Baneling  
  111  7:53  Baneling x3  
  109  8:02  Zergling x18  
  109  8:05  Zergling x2  
  109  8:06  Zergling x10  
  112  8:14  Zergling x2  
  112  8:15  Zergling x10  
  112  8:16  Zerg Melee Weapons Level 2  
  116  8:26  Zergling x2  
  116  8:27  Zergling x18  
  115  8:31  Zergling x2  
  115  8:32  Zergling x2  
  114  8:39  Grooved Spines  
  114  8:40  Baneling x6  
  112  8:41  Hydralisk x4  
  112  8:42  Hydralisk  
  112  8:45  Hydralisk, Infestation Pit  
  112  8:46  Hydralisk x3  
  112  8:48  Baneling x3  
  128  8:52  Zergling x8  
  131  8:58  Zergling x10  
  131  8:59  Zergling x2  
  133  9:04  Baneling  
  133  9:05  Baneling x9  
  133  9:08  Zergling x8  
  136  9:20  Zergling x2  
  136  9:21  Zergling x22  
  124  9:25  Zergling x2  
  124  9:26  Zergling x6  
  124  9:29  Hydralisk  
  112  9:32  Hydralisk  
  112  9:33  Zergling x4  
  112  9:36  Zergling x2  
  97  9:39  Zergling x2  
  97  9:41  Baneling x5  
  97  9:44  Zergling x8  
  97  9:45  Zergling x2  
  98  9:47  Baneling x4  
  98  9:51  Zergling x2  
  98  9:52  Zergling x2  
  98  9:55  Zergling x6  
  98  9:58  Zergling x2  
  97  10:04  Zergling x2  
  92  10:09  Zergling x2  
  92  10:10  Zergling x4  
  93  10:16  Zergling x14, Hatchery  
  93  10:19  Baneling  
  93  10:20  Baneling x4  
  96  10:22  Zergling x2  
  96  10:27  Zergling x2  
  96  10:28  Zergling x8  
  87  10:32  Hydralisk  
  87  10:33  Zergling x4  
  89  10:37  Baneling x3  
  89  10:38  Zergling x2  
  88  10:43  Zergling x2  
  88  10:44  Zergling x10  
  88  10:47  Zergling x6  
  87  10:50  Baneling x2  
  87  10:53  Zergling x2  
  87  10:54  Zergling x6  

Tags
 
Add a new tag
Caveats
  • Supply blocks, unpowered buildings, or Contaminate may cause inaccurate times.
  • Supply counts are checked every 10 seconds.